MLB
NEW YORK METS @ ST. LOUIS CARDINALS
10/01/2023
 
TOP OF THE 1ST
New York Mets batting - Pitching for St. Louis Cardinals : RHP Miles Mikolas
Pitching: RHP Miles Mikolas
Batting: RHB Starling Marte 0-0: Foul Ball, location: 5F
0-1: Fly out, F4 (Line Drive, 4, EV 70.0 MPH)
Batting: RHB Mark Canha 0-0: Foul Ball, location: 7LSF
0-1: Ball
1-1: Fly out, F5 (Line Drive, 5L, EV 71.9 MPH)
Batting: RHB Pete Alonso 0-0: Called Strike
0-1: Ball
1-1: Ball
2-1: SINGLE (Groundball, 4MD, EV 106.9 MPH)
Batting: LHB Daniel Vogelbach 0-0: Ball
1-0: Called Strike
1-1: Swinging Strike
1-2: Ball
2-2: Ball
3-2: Foul Ball, location: 7LMF
3-2: Ground out 4-3 (Groundball, 4, EV 91.3 MPH)
Top of the 1st over - 0 runs, 1 hit, 0 errors, 1 left on base; New York 0 - St. Louis 0
BOTTOM OF THE 1ST
St. Louis Cardinals batting - Pitching for New York Mets : LHP David Peterson
Pitching: LHP David Peterson
Batting: SHB Tommy Edman 0-0: Ball
1-0: Ball
2-0: Foul Ball, location: 2F
2-1: Ball
3-1: Swinging Strike
3-2: Base on Balls
Batting: RHB Paul Goldschmidt 0-0: Ball
Tommy Edman steals 2nd base
1-0: Called Strike
1-1: Ball
2-1: Foul Ball, location: 2F
2-2: Ground out 4-3 (Groundball, 4, EV 85.6 MPH)
Tommy Edman to third
Batting: RHB Nolan Arenado 0-0: Ball
1-0: Called Strike
1-1: Swinging Strike
1-2: Strikes out looking
Batting: RHB Juan Yepez 0-0: Ball
1-0: Called Strike
1-1: Foul Ball, location: 9LSF
1-2: Ground out 6-3 (Groundball, 6, EV 85.6 MPH)
Bottom of the 1st over - 0 runs, 0 hits, 0 errors, 1 left on base; New York 0 - St. Louis 0
TOP OF THE 2ND
New York Mets batting - Pitching for St. Louis Cardinals : RHP Miles Mikolas
Batting: SHB Francisco Lindor 0-0: Called Strike
0-1: Ball
1-1: Ground out 4-3 (Groundball, 4S, EV 61.9 MPH)
Batting: LHB Omar Narvaez 0-0: Called Strike
0-1: Ball
1-1: Foul Ball, location: 3DF
1-2: Ball
2-2: Foul Ball, location: 2F
2-2: SINGLE (Groundball, 6MD, EV 110.6 MPH)
Batting: LHB Khalil Lee 0-0: Ball
1-0: Ball
2-0: Foul Ball, location: 2LF
2-1: Fly out, F6 (Popup, 6MD, EV 47.5 MPH)
Batting: SHB Ronny Mauricio 0-0: Fly out, F9 (Flyball, 89S, EV 81.9 MPH)
Top of the 2nd over - 0 runs, 1 hit, 0 errors, 1 left on base; New York 0 - St. Louis 0
BOTTOM OF THE 2ND
St. Louis Cardinals batting - Pitching for New York Mets : LHP David Peterson
Batting: LHB Nolan Gorman 0-0: Swinging Strike
0-1: Ball
1-1: Foul Ball, location: 3SF
1-2: Foul Ball, location: 7LMF
1-2: Foul Ball, location: 2LF
1-2: Ball
2-2: Foul Ball, location: 7LSF
2-2: Ball
3-2: Strikes out swinging
Batting: RHB Willson Contreras 0-0: Hit by Pitch
Batting: LHB Brendan Donovan 0-0: Foul Ball, location: 2F
0-1: Ball
1-1: Swinging Strike
1-2: Strikes out swinging
Batting: SHB Dylan Carlson 0-0: Called Strike
0-1: Ball
1-1: Foul Ball, location: 7LDF
1-2: Ball
2-2: Fly out, F5 (Popup, 56, EV 63.1 MPH)
Bottom of the 2nd over - 0 runs, 0 hits, 0 errors, 1 left on base; New York 0 - St. Louis 0
TOP OF THE 3RD
New York Mets batting - Pitching for St. Louis Cardinals : RHP Miles Mikolas
Batting: RHB Julio Carreras 0-0: Ball
1-0: Bunt for hit to 15 - play at first, batter safe!
Batting: RHB Starling Marte 0-0: Ball
1-0: Ball
2-0: Fielders Choice at 2nd, 4-6 (Groundball, 4, EV 101.9 MPH)
Batting: RHB Mark Canha 0-0: Called Strike
Starling Marte steals 2nd base
0-1: Ball
1-1: SINGLE (Groundball, 6MD, EV 103.8 MPH)
Starling Marte to third
Runner from 3rd tries for Home, throw by CF and OUT! 8-2
Batting: RHB Pete Alonso 0-0: Ball
1-0: Called Strike
1-1: Ball
2-1: Foul Ball, location: 2F
2-2: SINGLE (Flyball, 78M, EV 92.5 MPH)
Mark Canha to second
Batting: LHB Daniel Vogelbach 0-0: Ball
1-0: Ball
2-0: Called Strike
2-1: Called Strike
2-2: Strikes out swinging
Top of the 3rd over - 0 runs, 3 hits, 0 errors, 2 left on base; New York 0 - St. Louis 0
BOTTOM OF THE 3RD
St. Louis Cardinals batting - Pitching for New York Mets : LHP David Peterson
Batting: RHB Paul DeJong 0-0: SOLO HOME RUN (Flyball, 78XD, EV 106.9 MPH), Distance : 413 ft
Batting: SHB Tommy Edman 0-0: Ball
1-0: TRIPLE (Groundball, 5L, EV 106.3 MPH)
Batting: RHB Paul Goldschmidt 0-0: Called Strike
0-1: Called Strike
0-2: Ball
1-2: Ball
2-2: Ball
3-2: Fly out, F4 (Popup, 4, EV 75.0 MPH)
Batting: RHB Nolan Arenado 0-0: Ball
1-0: Ball
2-0: Ball
3-0: Base on Balls
Batting: RHB Juan Yepez 0-0: Called Strike
0-1: SINGLE (Line Drive, 78S, EV 102.5 MPH)
Tommy Edman scores
Nolan Arenado to second
Batting: LHB Nolan Gorman 0-0: Ball
1-0: Ball
2-0: Called Strike
2-1: Ball
3-1: Fly out, F9 (Flyball, 9LM, EV 100.6 MPH)
Runner from 2nd tags up, SAFE at 3rd, no throw by RF
Batting: RHB Willson Contreras 0-0: Called Strike
0-1: Ball
1-1: Ball
2-1: Foul Ball, location: 9LSF
2-2: Ball
Wild Pitch!
Nolan Arenado scores
Juan Yepez to second
3-2: Base on Balls
Batting: LHB Brendan Donovan 0-0: Swinging Strike
0-1: Swinging Strike
0-2: Ball
1-2: Ball
2-2: Strikes out swinging
Bottom of the 3rd over - 3 runs, 3 hits, 0 errors, 2 left on base; New York 0 - St. Louis 3
TOP OF THE 4TH
New York Mets batting - Pitching for St. Louis Cardinals : RHP Miles Mikolas
Batting: SHB Francisco Lindor 0-0: Called Strike
0-1: Ground out 2-3 (Groundball, 15S, EV 75.0 MPH)
Batting: LHB Omar Narvaez 0-0: Ball
1-0: Ground out 5-3 (Groundball, 56S, EV 84.4 MPH)
Batting: LHB Khalil Lee 0-0: Swinging Strike
0-1: Swinging Strike
0-2: Strikes out looking
Top of the 4th over - 0 runs, 0 hits, 0 errors, 0 left on base; New York 0 - St. Louis 3
BOTTOM OF THE 4TH
St. Louis Cardinals batting - Pitching for New York Mets : LHP David Peterson
Batting: SHB Dylan Carlson 0-0: Ball
1-0: Fly out, F8 (Flyball, 8RM, EV 93.8 MPH)
Batting: RHB Paul DeJong 0-0: Swinging Strike
0-1: Ball
1-1: SINGLE (Line Drive, 56D, EV 110.0 MPH)
Batting: SHB Tommy Edman 0-0: Called Strike
Pickoff Throw to First - Out! 1-3 CS
0-1: Ground out 1-3 (Groundball, 15, EV 66.3 MPH)
Bottom of the 4th over - 0 runs, 1 hit, 0 errors, 0 left on base; New York 0 - St. Louis 3
TOP OF THE 5TH
New York Mets batting - Pitching for St. Louis Cardinals : RHP Miles Mikolas
Batting: SHB Ronny Mauricio 0-0: Ball
1-0: DOUBLE (Groundball, 3L, EV 103.1 MPH)
Batting: RHB Julio Carreras 0-0: Called Strike
0-1: SINGLE (Line Drive, 78S, EV 99.4 MPH)
Ronny Mauricio to third
Batting: RHB Starling Marte 0-0: Ball
1-0: Ball
2-0: SINGLE (Flyball, 3D, EV 97.5 MPH)
Ronny Mauricio scores
Julio Carreras to second
Batting: RHB Mark Canha 0-0: Ball
1-0: Called Strike
1-1: Foul Ball, location: 9LSF
1-2: Ball
2-2: Foul Ball, location: 25F
2-2: Ball
3-2: Grounds into double play, 2-4-3 (Groundball, 15S, EV 67.5 MPH)
Julio Carreras to third
Batting: RHB Pete Alonso 0-0: Called Strike
0-1: SINGLE (Line Drive, 4D, EV 95.6 MPH)
Julio Carreras scores
Batting: LHB Daniel Vogelbach 0-0: Ball
1-0: Foul Ball, location: 25FF
1-1: Foul Ball, location: 9LMF
1-2: Strikes out looking
Top of the 5th over - 2 runs, 4 hits, 0 errors, 1 left on base; New York 2 - St. Louis 3
BOTTOM OF THE 5TH
St. Louis Cardinals batting - Pitching for New York Mets : LHP David Peterson
Batting: RHB Paul Goldschmidt 0-0: Called Strike
0-1: Ball
1-1: Ground out 5-3 (Groundball, 5S, EV 63.1 MPH)
Batting: RHB Nolan Arenado 0-0: Ball
1-0: Fly out, F8 (Flyball, 8RD, EV 100.6 MPH)
Batting: RHB Juan Yepez 0-0: Ball
1-0: Fly out, F7 (Flyball, 7, EV 95.6 MPH)
Bottom of the 5th over - 0 runs, 0 hits, 0 errors, 0 left on base; New York 2 - St. Louis 3
TOP OF THE 6TH
New York Mets batting - Pitching for St. Louis Cardinals : RHP Miles Mikolas
Batting: SHB Francisco Lindor 0-0: Called Strike
0-1: Ball
1-1: Ball
2-1: Ball
3-1: Base on Balls
Batting: LHB Omar Narvaez 0-0: Ball
1-0: SINGLE (Flyball, 8RS, EV 93.1 MPH)
Francisco Lindor to second
Runner from 2nd tries for 3rd, OUT after rundown.
Batting: LHB Khalil Lee 0-0: Called Strike
0-1: Ball
1-1: Foul Ball, location: 2F
1-2: Strikes out swinging
Batting: SHB Ronny Mauricio 0-0: Foul Ball, location: 9LMF
0-1: Called Strike
0-2: Strikes out swinging
Top of the 6th over - 0 runs, 1 hit, 0 errors, 1 left on base; New York 2 - St. Louis 3
BOTTOM OF THE 6TH
St. Louis Cardinals batting - Pitching for New York Mets : LHP David Peterson
Pitching: LHP Tony Cingrani
Batting: LHB Nolan Gorman 0-0: Called Strike
0-1: Fly out, F9 (Flyball, 9LMF, EV 87.5 MPH)
Pitching: RHP John Curtiss
Batting: RHB Willson Contreras 0-0: Swinging Strike
0-1: Ball
1-1: Swinging Strike
1-2: Strikes out swinging
Batting: LHB Brendan Donovan 0-0: Ball
1-0: Foul Ball, location: 3FF
1-1: Foul Ball, location: 3DF
1-2: Foul Ball, location: 2F
1-2: Foul Ball, location: 3F
1-2: Fly out, F9 (Flyball, 9S, EV 83.8 MPH)
Bottom of the 6th over - 0 runs, 0 hits, 0 errors, 0 left on base; New York 2 - St. Louis 3
TOP OF THE 7TH
New York Mets batting - Pitching for St. Louis Cardinals : RHP Miles Mikolas
Batting: RHB Julio Carreras 0-0: Ball
1-0: Ball
2-0: Ball
3-0: Base on Balls
Batting: RHB Starling Marte 0-0: Ball
Wild Pitch!
Julio Carreras to second
1-0: Swinging Strike
1-1: Ball
2-1: Swinging Strike
2-2: Ball
3-2: Foul Ball, location: 3DF
3-2: Strikes out swinging
Pitching: RHP Chris Stratton
Batting: RHB Mark Canha 0-0: Ball
1-0: Ground out 5-3 (Groundball, 56, EV 100.0 MPH)
Batting: RHB Pete Alonso 0-0: Ball
1-0: Ball
2-0: Called Strike
2-1: Ground out 5-3 (Groundball, 56S, EV 86.9 MPH)
Top of the 7th over - 0 runs, 0 hits, 0 errors, 1 left on base; New York 2 - St. Louis 3
BOTTOM OF THE 7TH
St. Louis Cardinals batting - Pitching for New York Mets : RHP John Curtiss
Batting: SHB Dylan Carlson 0-0: Ball
1-0: Foul Ball, location: 3F
1-1: Foul Ball, location: 25FF
1-2: Foul Ball, location: 5SF
1-2: Ground out 4-3 (Groundball, 4S, EV 85.0 MPH)
Batting: RHB Paul DeJong 0-0: Ball
1-0: Ball
2-0: Called Strike
2-1: Ball
3-1: Called Strike
3-2: Ground out 5-3 (Groundball, 56S, EV 83.1 MPH)
Batting: SHB Tommy Edman 0-0: Ball
1-0: Foul Ball, location: 7LMF
1-1: DOUBLE (Line Drive, 7LS, EV 92.5 MPH)
Pitching: RHP Drew Smith
Batting: RHB Paul Goldschmidt 0-0: Ball
1-0: Foul Ball, location: 2F
1-1: Called Strike
1-2: Strikes out swinging
Bottom of the 7th over - 0 runs, 1 hit, 0 errors, 1 left on base; New York 2 - St. Louis 3
TOP OF THE 8TH
New York Mets batting - Pitching for St. Louis Cardinals : RHP Chris Stratton
Batting: LHB Daniel Vogelbach 0-0: Swinging Strike
0-1: Ball
1-1: Called Strike
1-2: Ball
2-2: Ground out U3 (Groundball, 3L, EV 100.0 MPH)
Batting: SHB Francisco Lindor 0-0: Swinging Strike
0-1: Swinging Strike
0-2: Ball
1-2: Ball
2-2: Strikes out swinging
Batting: LHB Omar Narvaez 0-0: Ball
1-0: SINGLE (Groundball, P, EV 86.3 MPH) (infield hit)
Batting: LHB Khalil Lee 0-0: Ball
Wild Pitch!
Omar Narvaez to second
1-0: Foul Ball, location: 7LSF
1-1: Foul Ball, location: 7LDF
1-2: Foul Ball, location: 25FF
1-2: Ball
2-2: SINGLE (Line Drive, 9LS, EV 105.0 MPH)
Omar Narvaez to third
Runner from 3rd tries for Home, SAFE, throw by RF to home
Pinch Hitting: RHB Francisco Alvarez 0-0: Ball
1-0: Called Strike
1-1: Ball
2-1: Fly out, F6 (Line Drive, 6M, EV 66.9 MPH)
Top of the 8th over - 1 run, 2 hits, 0 errors, 1 left on base; New York 3 - St. Louis 3
BOTTOM OF THE 8TH
St. Louis Cardinals batting - Pitching for New York Mets : RHP Drew Smith
Now at 3B: Danny Mendick
Batting: RHB Nolan Arenado 0-0: Called Strike
0-1: Ball
1-1: SINGLE (Line Drive, 78S, EV 106.3 MPH)
Batting: RHB Juan Yepez 0-0: Ball
1-0: Foul Ball, location: 2F
1-1: Ball
2-1: Fielders Choice at 2nd, 5-4 (Groundball, 5S, EV 83.1 MPH)
Pitching: LHP Sean Doolittle
Batting: LHB Nolan Gorman 0-0: Ball
1-0: Ball
2-0: Called Strike
2-1: Foul Ball, location: 25F
2-2: Ball
3-2: Strikes out swinging
Batting: RHB Willson Contreras 0-0: Foul Ball, location: 5F
0-1: Ball
1-1: Ball
2-1: Swinging Strike
2-2: Strikes out looking
Bottom of the 8th over - 0 runs, 1 hit, 0 errors, 1 left on base; New York 3 - St. Louis 3
TOP OF THE 9TH
New York Mets batting - Pitching for St. Louis Cardinals : RHP Chris Stratton
Pitching: RHP Giovanny Gallegos
Pinch Hitting: SHB Abraham Almonte 0-0: Ball
1-0: SINGLE (Groundball, 3, EV 83.8 MPH)
Batting: RHB Starling Marte 0-0: Ball
1-0: Called Strike
1-1: Ball
2-1: Bunt - Flyout to 13S! F1
Batting: RHB Mark Canha 0-0: Ball
1-0: Ball
2-0: Swinging Strike
2-1: Swinging Strike
2-2: Ball
3-2: Grounds into double play, 6-4-3 (Groundball, 6, EV 105.0 MPH)
Top of the 9th over - 0 runs, 1 hit, 0 errors, 0 left on base; New York 3 - St. Louis 3
BOTTOM OF THE 9TH
St. Louis Cardinals batting - Pitching for New York Mets : LHP Sean Doolittle
Now at 2B: Chris Owings
Batting: LHB Brendan Donovan 0-0: Fly out, F3 (Line Drive, 4, EV 75.6 MPH)
Batting: SHB Dylan Carlson 0-0: Ball
1-0: Foul Ball, location: 2F
1-1: Foul Ball, location: 5FF
1-2: Ground out 4-3 (Groundball, 4, EV 82.5 MPH)
Batting: RHB Paul DeJong 0-0: Ball
1-0: Called Strike
1-1: Ball
2-1: DOUBLE (Flyball, 9LD, EV 105.0 MPH)
Pitching: RHP Tylor Megill
Batting: SHB Tommy Edman 0-0: Ball
1-0: Called Strike
1-1: Called Strike
1-2: Ball
2-2: Foul Ball, location: 3SF
2-2: Ball
3-2: Base on Balls
Batting: RHB Paul Goldschmidt 0-0: Ground out 4-3 (Groundball, 4, EV 102.5 MPH)
Bottom of the 9th over - 0 runs, 1 hit, 0 errors, 2 left on base; New York 3 - St. Louis 3
TOP OF THE 10TH
New York Mets batting - Pitching for St. Louis Cardinals : RHP Giovanny Gallegos
Batting: RHB Pete Alonso 0-0: Called Strike
0-1: Ball
1-1: Ball
2-1: Called Strike
2-2: Ball
3-2: Foul Ball, location: 2F
3-2: Strikes out swinging
Batting: LHB Daniel Vogelbach 0-0: Called Strike
0-1: Foul Ball, location: 9LSF
0-2: Ball
1-2: Ball
2-2: Ball
3-2: Ground out 6-3 (Groundball, 6, EV 83.8 MPH)
Batting: SHB Francisco Lindor 0-0: Foul Ball, location: 5F
0-1: Ball
1-1: Swinging Strike
1-2: Fly out, F7 (Line Drive, 7, EV 100.0 MPH)
Top of the 10th over - 0 runs, 0 hits, 0 errors, 0 left on base; New York 3 - St. Louis 3
BOTTOM OF THE 10TH
St. Louis Cardinals batting - Pitching for New York Mets : RHP Tylor Megill
Pitching: RHP Adam Ottavino
Batting: RHB Nolan Arenado 0-0: Called Strike
0-1: SOLO HOME RUN (Flyball, 78XD, EV 104.4 MPH), Distance : 387 ft
Bottom of the 10th over - 1 run, 1 hit, 0 errors, 0 left on base; New York 3 - St. Louis 4
Saturday, June 22nd , 2024 - OOTP Baseball 24.11 Build 85